 Dungeon Crawl Stone Soup version 0.30-a0-782-ge64f9170bb (webtiles) character file.

Game seed: 7185767910144209544

5777 Crownlay the Grappler (level 10, -1/89 (100) HPs)
             Began as a Troll Fighter on Mar 13, 2023.
             Slain by a wight
             ... wielding a +0 trident
              (3 damage)
             ... on level 9 of the Dungeon.
             The game lasted 00:20:18 (6549 turns).

Crownlay the Grappler (Troll Fighter)               Turns: 6549, Time: 00:20:18

HP:   -1/89 (100)   AC:  9    Str: 26    XL:     10   Next: 50%
MP:   9/9           EV:  9    Int: 14    God:
Gold: 473           SH:  9    Dex:  9    Spells: 9/9 levels left

rFire   . . .      SeeInvis .      - Unarmed
rCold   . . .      Faith    .    b - +0 kite shield
rNeg    . . .      Spirit   .    y - +1 robe {Archmagi}
rPois   .          Reflect  .    (helmet restricted)
rElec   .          Harm     .    (no cloak)
rCorr   .          Rampage  .    (gloves unavailable)
Will    .....      Archmagi +    (boots unavailable)
Stlth   +                        a - amulet of regeneration
HPRegen 1.94/turn                B - +6 ring of intelligence
MPRegen 0.11/turn                J - +4 ring of protection

@: heavily drained
A: large, unfitting armour, claws 3, regeneration 1, shaggy fur 1, tough skin 1
a: no special abilities


You were on level 9 of the Dungeon.
You visited 1 branch of the dungeon, and saw 9 of its levels.
You also visited: Ossuary.

You collected 525 gold pieces.
You spent 52 gold pieces at shops.

Inventory:

Armour
 b - a +0 kite shield (worn)
 y - a +1 robe of the Archmagi (worn)
 H - a +1 robe of fire resistance
Jewellery
 a - an amulet of regeneration (around neck)
 f - an amulet of guardian spirit
 o - a ring of fire
 B - a +6 ring of intelligence (left claw)
 F - a ring of willpower
 G - a ring of flight
 I - a ring of poison resistance
 J - a +4 ring of protection (right claw)
Scrolls
 d - 4 scrolls of amnesia
 g - a scroll of poison {unknown}
 i - 3 scrolls of magic mapping
 j - a scroll of brand weapon {unknown}
 l - 6 scrolls of teleportation
 m - 5 scrolls of fog
 n - 3 scrolls of blinking
 q - a scroll of identify
 t - 5 scrolls of fear
 v - 2 scrolls of vulnerability
 w - 2 scrolls of summoning
 C - 3 scrolls of immolation
 E - 2 scrolls of noise
 K - a scroll of silence {unknown}
 L - a scroll of enchant weapon {unknown}
Potions
 c - 4 potions of might
 e - 6 potions of curing
 h - 3 potions of haste {unknown}
 k - 4 potions of flight
 p - 2 potions of invisibility {unknown}
 r - 3 potions of heal wounds
 s - 2 potions of cancellation
 u - a potion of mutation {unknown}
 x - 2 potions of degeneration {unknown}
 z - 2 potions of lignification {unknown}
 A - a potion of berserk rage {unknown}
 D - a potion of brilliance {unknown}


   Skills:
 + Level 6.8 Fighting
 + Level 4.3 Dodging
 + Level 7.5 Shields
 * Level 11.0 Unarmed Combat


You had 9 spell levels left.
You didn't know any spells.
Your spell library contained the following spells:

 Spells                   Type           Power      Damage    Failure   Level
 Magic Dart               Conj           0%         1d3       52%         1
 Searing Ray              Conj           0%         2d4       65%         2
 Inner Flame              Hex/Fire       0%         N/A       87%         3
 Ozocubu's Armour         Ice            0%         N/A       87%         3
 Anguish                  Hex/Necr       0%         N/A       99%         4
 Cause Fear               Hex            0%         N/A       99%         4
 Fulminant Prism          Conj/Hex       0%         3d5       99%         4
 Summon Ice Beast         Ice/Summ       0%         N/A       99%         4
 Summon Mana Viper        Hex/Summ       0%         N/A       100%        5
 Enfeeble                 Hex            0%         N/A       100%        7
 Monstrous Menagerie      Summ           0%         N/A       100%        7
 Ozocubu's Refrigeration  Ice            0%         4d7       100%        7
 Discord                  Hex            0%         N/A       100%        8


Dungeon Overview and Level Annotations

Branches:
Dungeon (9/15)            Ossuary (visited)
 Temple: D:4-7         Lair: D:8-11         Orc: D:9-12

Altars:
Okawaru
Vehumet

Shops:
D:1 =   D:5 [   D:6 [=?:

Annotations:
D:7 exclusion: oklob sapling


Innate Abilities, Weirdness & Mutations

You are too large for most types of armour.
You have claws for hands.
Your natural rate of healing is unusually fast.
You are covered in fur. (AC +1)
You have tough skin. (AC +1)


Message History

* * * LOW HITPOINT WARNING * * *
You feel drained.
* * * LOW HITPOINT WARNING * * *
The wight hits you but does no damage.
You claw the wight!
The wight is almost destroyed.
The wight hits you but does no damage. x2
You barely miss the wight.
The wight is almost destroyed.
The wight barely misses you. You block the wight's attack.
You closely miss the wight.
The wight is almost destroyed.
You block the wight's attack. The wight closely misses you.
You barely miss the wight.
The wight is almost destroyed.
You claw the wight!
You destroy the wight!
The wight hits you from afar with a +0 trident.
You feel drained. The wight hits you with a +0 trident!
* * * LOW HITPOINT WARNING * * *
You feel drained.
* * * LOW HITPOINT WARNING * * *
Things that are here:
a +1 falchion; a +0 robe You claw the wight!
The wight is heavily damaged.
The wight hits you with a +0 trident!
* * * LOW HITPOINT WARNING * * *
You feel drained.
* * * LOW HITPOINT WARNING * * *
You closely miss the wight.
The wight is heavily damaged.
The wight barely misses you.
You claw the wight!
The wight is almost destroyed.
The wight hits you with a +0 trident!
* * * LOW HITPOINT WARNING * * *
You feel drained.
You die...

####'#### #........
#........ #........
#........ #####
#........ #....
#.....# # #....##z.#
.#....
#.....@).#.......
#......###.# ......
#..........#.......
#........###.# .......
###+###......#........
#....###.#......
#........#......
#......###....###
#.....)†....# #..


You could see a wight.

Vanquished Creatures
  A two-headed ogre (D:7)
  A troll (D:9)
  A hornet (D:9)
  2 wyverns (D:9)
  9 yaks
  A steam dragon (D:6)
  2 water moccasins
  Duvessa (D:6)
  An ice beast (D:5)
  An ogre (D:5)
  2 centaurs
  A bullfrog (D:8)
  A necrophage (D:6)
  3 gnoll sergeants
  A scorpion (D:6)
  3 water moccasin zombies (Ossuary)
  14 wights
  3 killer bees (D:9)
  Dowan (D:6)
  An orc priest (D:7)
  7 hounds
  2 jellies
  3 iguanas
  7 orc wizards
  2 mummies (Ossuary)
  19 gnolls
  5 adders
  An ufetubus (D:7)
  3 adder zombies (Ossuary)
  6 worms
  2 dart slugs
  18 orcs
  4 endoplasms
  6 giant cockroaches
  4 gnoll zombies (Ossuary)
  9 goblins
  14 hobgoblins
  4 jackals (D:3)
  6 quokkas
  11 ball pythons
  15 bats
  6 frilled lizards
  7 hobgoblin zombies (Ossuary)
  6 kobolds
  4 kobold zombies (Ossuary)
  11 orc zombies (Ossuary)
  8 rats
240 creatures vanquished.

Vanquished Creatures (others)
  19 plants
19 creatures vanquished.

Grand Total: 259 creatures vanquished

Notes
Turn   | Place    | Note
-------+----------+-------------------------------------------
     0 | D:1      | Crownlay the Troll Fighter began the quest for the Orb.
     0 | D:1      | Reached XP level 1. HP: 22/22 MP: 0/0
    44 | D:1      | Reached XP level 2. HP: 25/29 MP: 1/1
   187 | D:1      | Found Vexzoc's One-of-a-Kind Rings.
   310 | D:1      | Reached XP level 3. HP: 36/36 MP: 2/2
   566 | D:2      | Reached skill level 3 in Unarmed Combat
   759 | D:2      | Reached XP level 4. HP: 44/44 MP: 3/3
   783 | D:2      | Found a faded altar of an unknown god.
  2052 | D:4      | Reached skill level 4 in Unarmed Combat
  2052 | D:4      | Reached XP level 5. HP: 41/53 MP: 4/4
  2591 | D:5      | Entered Level 5 of the Dungeon
  2608 | D:5      | Found a sand-covered staircase.
  2623 | Ossuary  | Entered an ossuary
  2651 | Ossuary  | Reached XP level 6. HP: 61/61 MP: 5/5
  2660 | Ossuary  | Reached skill level 5 in Unarmed Combat
  2990 | D:5      | Reached XP level 7. HP: 66/68 MP: 4/6
  2999 | D:5      | Reached skill level 6 in Unarmed Combat
  3274 | D:5      | Found Uwetros's Antique Armour Boutique.
  3916 | D:6      | Found Funos's Jewellery Shoppe.
  3924 | D:6      | Reached skill level 5 in Shields
  3924 | D:6      | Reached XP level 8. HP: 79/79 MP: 7/7
  4112 | D:6      | Reached skill level 7 in Unarmed Combat
  4262 | D:6      | Found Sunkoxt's Magic Scroll Boutique.
  4269 | D:6      | Bought a scroll of immolation for 52 gold pieces
  4299 | D:6      | Found an iron altar of Okawaru.
  4410 | D:6      | Found Tevva's Book Emporium.
  4508 | D:6      | Reached skill level 5 in Fighting
  4624 | D:6      | Found Ceeskusk's Armour Emporium.
  4698 | D:6      | Reached skill level 8 in Unarmed Combat
  4833 | D:7      | Noticed Duvessa
  4833 | D:7      | Noticed Dowan
  4851 | D:6      | Killed Duvessa
  4893 | D:6      | Killed Dowan
  5053 | D:7      | Noticed a two-headed ogre
  5060 | D:7      | Killed a two-headed ogre
  5061 | D:7      | Reached skill level 9 in Unarmed Combat
  5061 | D:7      | Reached XP level 9. HP: 67/89 MP: 8/8
  5219 | D:7      | You fall into a shaft and drop 2 floors!
  5310 | D:9      | Noticed a troll
  5325 | D:9      | Killed a troll
  5455 | D:8      | Reached skill level 10 in Unarmed Combat
  5474 | D:8      | Reached XP level 10. HP: 20/100 MP: 9/9
  5750 | D:8      | Found a radiant altar of Vehumet.
  6449 | D:9      | Paralysed by a hornet for 3 turns
  6538 | D:9      | Reached skill level 11 in Unarmed Combat
  6549 | D:9      | HP: 2/91 [wight/+0 trident (10)]
  6549 | D:9      | Slain by a wight

Illustrated notes

Levels and vault maps discovered:
D:1:      psy_arrival_terrarium, layout_basic, nicolae_shop_unique_rings
D:2:      layout_basic, hellmonk_ecumenical_altar_crossroads,
          minmay_crystal_water
D:3:      layout_basic, roderic_serpentine_path, minmay_cut_off
D:4:      layout_cave_pools, kennysheep_nondescript, minmay_quadrilaterals
D:5:      layout_loops_corners, serial_shops, nicolae_shop_waterfront,
          enter_ossuary_3
D:6:      layout_loops_corners, okawaru_ov_weapons_minmay, serial_glass,
          glass_columns_b, glass_columns_b, glass_columns_b, glass_columns_b,
          serial_shops, shop_fountains, nicolae_shop_trees, shop,
          nicolae_shop_advertising_works [nicolae_subvault_shop_adworks],
          roderic_batcave
D:7:      layout_cave_pools, minmay_temple_entry_oklob, grunt_tough_drop,
          uniq_duvessa, uniq_prince_ribbit1
D:8:      layout_gridville, nicolae_vehumet_altar_sigil, serial_bayou_pond_e
D:9:      layout_stronghold, david_orc_1_choice, hangedman_abyss_or_decor_stabs,
          introduction_to_nature_2

Skill      XL: |  1  2  3  4  5  6  7  8  9 10 |
---------------+-------------------------------+-----
Shields        | 3 4 5 6 7 |  7.5
Unarmed Combat | 3 4 5 6 9 10 11 | 11.0
Fighting       | 3 4 5 6 |  6.8
Dodging        | 3 4 |  4.3

Action                     |  1- 3 |  4- 6 |  7- 9 | 10-12 || total
---------------------------+-------+-------+-------+-------++-------
  Melee: Unarmed           |   126 |   275 |   193 |   160 ||   754
    Use: Scroll            |       |     6 |     5 |     3 ||    14
         Potion            |       |       |     1 |       ||     1
   Stab: Sleeping          |     1 |     2 |       |       ||     3
 Armour: Robe              |    43 |    85 |    47 |    75 ||   250
  Dodge: Dodged            |    52 |    80 |    87 |    66 ||   285
  Block: Kite shield       |    55 |    92 |    98 |    90 ||   335

Table legend: (Time is in decaauts)
 A = Elapsed time spent in this place.
 B = Non-inter-level travel time spent in this place.
 C = Inter-level travel time spent in this place.
 D = Time resting spent in this place.
 E = Time spent auto-exploring this place.
 F = Levels seen in this place.
 G = Mean time per level.
                   A        B        C        D        E       F      G
               +--------+--------+--------+--------+--------+-----+--------+
         Total |   6557 |   6385 |    172 |     24 |   4885 |  10 |  655.7 |
       Dungeon |   6275 |   6103 |    172 |     24 |   4747 |   9 |  697.2 |
       Ossuary |    281 |    281 |      0 |      0 |    138 |   1 |  281.0 |
               +--------+--------+--------+--------+--------+-----+--------+

Top non-repeatable levels by time:
     D:5: 996 daAuts
     D:6: 994 daAuts
     D:3: 840 daAuts
     D:8: 836 daAuts
     D:4: 651 daAuts
     D:1: 567 daAuts
     D:2: 549 daAuts
     D:9: 480 daAuts
     D:7: 358 daAuts
 Ossuary: 281 daAuts
